 Dungeon Crawl Stone Soup version 0.27-a0-1202-ge72e49191c (webtiles) character file.

Game seed: 3576115365980716153

37 lunkers the Digger (level 3, 0/24 HPs)
             Began as a Formicid Earth Elementalist on June 3, 2021.
             Slain by a goblin
             ... wielding a +0 club
             ... led by Robin
              (2 damage)
             ... on level 2 of the Dungeon.
             The game lasted 00:04:29 (2307 turns).

lunkers the Digger (Formicid Earth Elementalist)    Turns: 2307, Time: 00:04:30

Health: 0/24       AC:  2    Str: 12    XL:     3   Next: 60%
Magic:  6/7        EV: 12    Int: 15    God:
Gold:   64         SH:  0    Dex: 17    Spells: 1/7 levels left

rFire    . . .     SeeInvis +   g - +3 hand axe
rCold    . . .     Faith    .   (no shield)
rNeg     . . .     Spirit   .   i - +0 robe {Archmagi}
rPois    .         Reflect  .   (helmet unavailable)
rElec    .         Harm     .   (no cloak)
rCorr    .         Rampage  .   (no gloves)
Will     .....                  (no boots)
Stlth    ++........             (no amulet)
HPRegen  0.08/turn              e - +6 ring of dexterity
MPRegen  0.10/turn              (no ring)

@: lethally poisoned (0 -> -12)
A: permanent stasis, dig shafts and tunnels, antennae 3, four strong arms
a: Dig, Shaft Self


You were on level 2 of the Dungeon.
You visited 1 branch of the dungeon, and saw 2 of its levels.

You collected 64 gold pieces.

Inventory:

Hand Weapons
 g - a +3 hand axe (weapon)
Missiles
 b - 11 stones
Armour
 c - a +0 robe
 i - a +0 robe of the Archmagi (worn)
Jewellery
 e - a +6 ring of dexterity (left hand)
Scrolls
 a - a scroll of teleportation {unknown}
 f - a scroll of vulnerability {unknown}
Potions
 d - a potion of invisibility {unknown}
 h - 2 potions of curing {unknown}
 j - a potion of degeneration {unknown}


   Skills:
 - Level 1.7 Dodging
 - Level 2.4 Stealth
 + Level 2.8 Spellcasting
 - Level 1.1 Transmutations
 * Level 4.8 Earth Magic


You had one spell level left.
You knew the following spells:

 Your Spells              Type           Power      Damage    Failure   Level
a - Sandblast             Erth           50%        2d12      2%          1
b - Passwall              Tmut/Erth      13%        N/A       9%          2
c - Stone Arrow           Conj/Erth      28%        3d8       22%         3

Your spell library contained the following spells:

 Spells                   Type           Power      Damage    Failure   Level
 Corona                   Hex            3%         N/A       21%         1
 Freeze                   Ice            12%        1d4       21%         1
 Ensorcelled Hibernation  Hex/Ice        6%         N/A       30%         2
 Confusing Touch          Hex            3%         N/A       52%         3
 Dazzling Flash           Conj/Hex       6%         N/A       52%         3
 Frozen Ramparts          Ice            6%         1d2       52%         3
 Ozocubu's Armour         Ice            3%         N/A       52%         3
 Tukima's Dance           Hex            3%         N/A       52%         3
 Petrify                  Tmut/Erth      16%        N/A       52%         4
 Lee's Rapid Deconstruct  Erth           12%        3d10*     61%         5
 Hailstorm                Conj/Ice       3%         3d3       90%         4
 Metabolic Englaciation   Hex/Ice        1%         N/A       99%         5


Dungeon Overview and Level Annotations

Branches:
Dungeon (2/15)

Altars:

Annotations:
D:2 Robin


Innate Abilities, Weirdness & Mutations

You cannot be hasted, slowed, berserked, paralysed or teleported.
You can dig through walls and to a lower floor.
You have a pair of large antennae on your head. (SInv)
Your four strong arms can wield two-handed weapons with a shield.


Message History

The goblin shouts!
You hear a shout!
Robin of the Strong Arm comes into view.
They are wielding a +0 short sword.
Robin shouts!
The goblin shouts!
You hear a shout!
Robin roars a battlecry!
The goblins go into a battle-frenzy!
You hear a shout!
A goblin comes into view. It is wielding a +0 club.
The goblin shouts! x2; You hear a shout! x2
You slash the goblin!
You kill the goblin!
You hear a shout!
Robin throws the goblin at you! The goblin hits you but does no damage.
You are poisoned.
A goblin comes into view. It is wielding a +0 club. x2
A hobgoblin comes into view.
The goblin hits you with a +2 dagger of venom.
You hit the goblin.
The goblin is heavily wounded.
You completely miss the goblin.
You feel very sick.
The goblin hits you with a +2 dagger of venom.
* * * LOW HITPOINT WARNING * * *
You are lethally poisoned!
A ball python comes into view.
The goblin hits you with a +0 club.
* * * LOW HITPOINT WARNING * * *
Unknown command.
Casting: Sandblast (safe; 2% risk of failure)
Confirm with . or Enter, or press ? or * to list all spells.
Aiming: Sandblast (safe; 2% risk of failure)
Press: ? - help, Shift-Dir - straight line, f - goblin
Aim: a goblin, wielding a +2 dagger of venom (heavily wounded, strong, 76% to hit)
You feel a surge of power!
The blast of sand hits the goblin!
You kill the goblin!
* * * LOW HITPOINT WARNING * * *
You feel very sick.
Robin roars a battlecry!
The goblin goes into a battle-frenzy!
The goblin hits you with a +0 club.
You die...

#.. { #.# # #.# #.#.#
#.# ##.#.### #.#
#......# ####.###..#.#.#
#.........#.#.# {
######.##........#.# {
#gg@).....##........
Sgggg.####.##......##..#
##g## #.#####.......# {
#.#####.#..#...
#....>..#.)....
#########..#.#. #.)....
#####<#..) #.....)...


You could see Robin, a hobgoblin (strong), 5 goblins and a ball python.

Vanquished Creatures
  A worm (D:2)
  5 orcs
  2 ball pythons (D:1)
  A bat (D:1)
  An endoplasm (D:1)
  5 giant cockroaches
  5 frilled lizards
  7 goblins
  3 kobolds
30 creatures vanquished.

Notes
Turn   | Place    | Note
-------+----------+-------------------------------------------
     0 | D:1      | lunkers the Formicid Earth Elementalist began the quest for
                  | the Orb.
     0 | D:1      | Reached XP level 1. HP: 13/13 MP: 3/3
   240 | D:1      | Reached skill level 4 in Earth Magic
   240 | D:1      | Reached XP level 2. HP: 19/19 MP: 3/5
   764 | D:1      | Learned a level 2 spell: Passwall
  1635 | D:2      | Reached XP level 3. HP: 16/24 MP: 6/6
  1657 | D:2      | Learned a level 3 spell: Stone Arrow
  2303 | D:2      | Noticed Robin
  2307 | D:2      | Slain by a goblin

Illustrated notes

Levels and vault maps discovered:
D:1:      erik_arrival_cave_to_civilisation [erik_arrival_cave_to_temple],
          layout_loops_corners
D:2:      layout_loops_cross, minmay_tetromino_l4, uniq_robin

Skill      XL: |  1 |
---------------+----+-----
Earth Magic    | 4 |  4.8
Dodging        | |  1.7
Stealth        | |  2.4
Spellcasting   | |  2.8
Transmutations | |  1.1

Action                   || total
-------------------------++-------
Melee: Hand axe          ||    30
 Cast: Sandblast         ||    27
       Passwall          ||     3
 Stab: Sleeping          ||     3
Armor: Robe              ||     9
Dodge: Dodged            ||    37

Table legend: (Time is in decaauts)
 A = Elapsed time spent in this place.
 B = Non-inter-level travel time spent in this place.
 C = Inter-level travel time spent in this place.
 D = Time resting spent in this place.
 E = Time spent auto-exploring this place.
 F = Levels seen in this place.
 G = Mean time per level.
                   A        B        C        D        E       F      G
               +--------+--------+--------+--------+--------+-----+--------+
         Total |   2316 |   2239 |     77 |    499 |   1388 |   2 | 1158.0 |
       Dungeon |   2316 |   2239 |     77 |    499 |   1388 |   2 | 1158.0 |
               +--------+--------+--------+--------+--------+-----+--------+

Top non-repeatable levels by time:
     D:1: 1727 daAuts
     D:2: 589 daAuts
